 Dungeon Crawl Stone Soup version 0.25-a0-890-g62861fb (webtiles) character file.

Game seed: 17442363354335708562, levelgen mode: deterministic

387 Faca the Skirmisher (level 6, -1/85 HPs)
             Began as a Draconian Berserker on May 11, 2020.
             Was a Priest of Trog.
             Shot with an arrow by a centaur (2 damage)
             ... on level 7 of the Dungeon.
             The game lasted 00:04:44 (3336 turns).

Faca the Skirmisher (Draconian Berserker)           Turns: 3336, Time: 00:04:45

Health: -1/85      AC:  6    Str: 22    XL:     6   Next: 49%
Magic:  6/6        EV: 12    Int:  7    God:    Trog [***...]
Gold:   192        SH:  2    Dex: 10    Spells: 5/5 levels left

rFire    . . .     SeeInvis .   a - +1 falchion
rCold    . . .     Gourm    .   (no shield)
rNeg     . . .     Faith    .   (armour unavailable)
rPois    .         Spirit   .   (helmet restricted)
rElec    .         Reflect  +   (no cloak)
rCorr    .         Harm     .   (no gloves)
MR       .....                  (no boots)
Stlth    ..........             f - +2 amulet of reflection
HPRegen  0.24/turn              (no ring)
MPRegen  0.10/turn              (no ring)

@: berserking (expiring), very quick
A: unfitting armour, cold-blooded, AC +6
a: Berserk, Trog's Hand, Renounce Religion


You were on level 7 of the Dungeon.
You worshipped Trog.
Trog was most pleased with you.
You were very hungry.

You visited 1 branch of the dungeon, and saw 5 of its levels.

You collected 192 gold pieces.

Inventory:

Hand Weapons
 a - a +1 falchion (weapon)
 k - a +0 rapier
Missiles
 e - 6 boomerangs (quivered)
Jewellery
 f - a +2 amulet of reflection (around neck)
Scrolls
 c - a scroll of enchant weapon
Potions
 g - 3 potions of curing
 h - 2 potions of haste
 i - 3 potions of heal wounds {unknown}
 j - a potion of flight
 l - a potion of stabbing {unknown}
Comestibles
 b - 6 rations


   Skills:
 + Level 6.1 Fighting
 + Level 5.6 Long Blades
 - Level 2.6 Dodging


You had 5 spell levels left.
You didn't know any spells.
Your spell library was empty.

Dungeon Overview and Level Annotations

Branches:
Dungeon (4/15)
 Temple: D:4-7

Altars:
Makhleb


Innate Abilities, Weirdness & Mutations

Your plain brown scales are hard. (AC +6)
You cannot fit into any form of body armour.
You are cold-blooded and may be slowed by cold attacks.


Message History

Trog accepts your kill. The orc hits you with a +0 flail!
A shadow imp comes into view.
The centaur shoots an arrow.
The arrow hits you!
* * * LOW HITPOINT WARNING * * *
The orc warrior hits you with a +0 short sword!
* * * LOW HITPOINT WARNING * * *
The centaur shoots an arrow.
The arrow hits you.
* * * LOW HITPOINT WARNING * * *
Things that are here:
an arrow; a +0 falchion You hit the orc warrior but do no damage.
The orc hits you with a +0 flail.
* * * LOW HITPOINT WARNING * * *
The orc warrior hits you with a +0 short sword.
* * * LOW HITPOINT WARNING * * *
You are too berserk!
You closely miss the orc warrior.
Your tail-slap misses the orc warrior.
The centaur shoots an arrow.
The arrow hits you.
You die...

.! .. .# ##.
....####.#.###...
...............).
...............#
............c5.#
..........[...#
...>..........#
#..........#
#..o@(.....#
#..(o......#
#..........#
############


You could see an orc warrior, a centaur, a shadow imp and an orc.

Vanquished Creatures
  An ogre (D:4)
  A hound (D:4)
  2 orc priests (D:3)
  2 orc wizards
  6 adders
  2 worms (D:2)
  A dart slug (D:3)
  2 leopard geckos
  14 orcs
  4 giant cockroaches
  6 goblins
  6 hobgoblins
  9 jackals
  5 kobolds
  2 quokkas (D:2)
  8 bats
  10 frilled lizards
  A leopard gecko skeleton (D:4)
  8 rats
90 creatures vanquished.

Notes
Turn   | Place    | Note
-------+----------+-------------------------------------------
     0 | D:1      | Faca the Draconian Berserker began the quest for the Orb.
     0 | D:1      | Reached XP level 1. HP: 19/19 MP: 1/1
   155 | D:1      | Reached XP level 2. HP: 19/26 MP: 2/2
   325 | D:1      | Reached skill level 4 in Fighting
   793 | D:2      | Reached XP level 3. HP: 33/33 MP: 3/3
   802 | D:2      | Reached ** piety under Trog
  1114 | D:2      | Reached XP level 4. HP: 35/41 MP: 4/4
  1411 | D:2      | Found a burning altar of Makhleb.
  1674 | D:3      | Reached skill level 5 in Fighting
  1989 | D:3      | Reached XP level 5. HP: 48/48 MP: 5/5
  2561 | D:3      | Reached skill level 5 in Long Blades
  2564 | D:3      | Reached *** piety under Trog
  3099 | D:4      | Noticed an ogre
  3104 | D:4      | Reached XP level 6. HP: 38/57 MP: 6/6
  3121 | D:4      | Reached skill level 6 in Fighting
  3323 | D:4      | You fall into a shaft and drop 3 floors!
  3323 | D:7      | Noticed an orc warrior
  3335 | D:7      | HP: 2/85 [orc/+0 flail (3)]
  3336 | D:7      | Shot with an arrow by a centaur

Levels and vault maps discovered:
D:1:      minmay_arrival_nine_rooms, layout_rooms, st_stairs_13
D:2:      layout_loops_cross, lemuel_doored_altar
D:3:      layout_basic, first_ration, corexii_leaking_fountain
D:4:      layout_gridville
D:7:      kennysheep_big_flooded_room, layout_rooms, minmay_temple_entry_trees,
          basic_altar, serial_shops, shop, uniq_joseph, uniq_pikel

Skill      XL: |  1  2  3  4  5  6 |
---------------+-------------------+-----
Fighting       | 4 5 6 |  6.1
Long Blades    | 4 5 |  5.6
Dodging        | |  2.6

Action                   |  1- 3 |  4- 6 || total
-------------------------+-------+-------++-------
Melee: Falchion          |   114 |   147 ||   261
       Tailslap          |     9 |    21 ||    30
Invok: Berserk           |       |     4 ||     4
  Use: Scroll            |     3 |     7 ||    10
 Stab: Sleeping          |     2 |     2 ||     4
  Eat: Chunk             |     1 |     9 ||    10
Armor: Skin              |    34 |    41 ||    75
Dodge: Dodged            |    79 |   102 ||   181
Block: Other             |     7 |    13 ||    20
       Reflection        |     1 |     1 ||     2
       Rpst.: Falchion   |    26 |    34 ||    60

Table legend:
 A = Non-vault XP
 B = Vault XP
 C = Vault XP percentage of total XP
 D = Non-vault monster count
 E = Vault monster count
 F = Vault count percentage of total count
                 A         B        C        D         E       F
            +---------+---------+-------+---------+---------+-------
      Total |     550 |       3 |   0.5 |      88 |       2 |   2.2
            +---------+---------+-------+---------+---------+-------
        D:1 |      36 |       3 |   7.7 |      20 |       2 |   9.1
        D:2 |     100 |       0 |   0.0 |      28 |       0 |   0.0
        D:3 |     192 |       0 |   0.0 |      32 |       0 |   0.0
        D:4 |     219 |       0 |   0.0 |       7 |       0 |   0.0
        D:7 |       3 |       0 |   0.0 |       1 |       0 |   0.0
            +---------+---------+-------+---------+---------+-------
